 Dungeon Crawl Stone Soup version 0.25.1-2-g60ff931df9 (webtiles) character file.

Game seed: 11769003919801292555

19 DoubleLucky the Firebug (level 2, 0/15 HPs)
             Began as a Deep Elf Fire Elementalist on Sept 30, 2020.
             Slain by a worm (9 damage)
             ... on level 2 of the Dungeon.
             The game lasted 00:04:01 (1630 turns).

DoubleLucky the Firebug (DEFE)                      Turns: 1630, Time: 00:04:01

Health: 0/15       AC:  2    Str:  5    XL:     2   Next: 55%
Magic:  4/8        EV: 13    Int: 19    God:
Gold:   73         SH:  0    Dex: 15    Spells: 6/7 levels left

rFire    . . .     SeeInvis .   k - +0 dagger
rCold    . . .     Gourm    .   (no shield)
rNeg     . . .     Faith    .   a - +0 robe
rPois    .         Spirit   .   (no helmet)
rElec    .         Reflect  .   (no cloak)
rCorr    .         Harm     .   (no gloves)
MR       .....                  (no boots)
Stlth    ++........             (no amulet)
HPRegen  0.05/turn              (no ring)
MPRegen  0.11/turn              (no ring)

@: very slightly contaminated
A: no striking features
a: no special abilities


You were on level 2 of the Dungeon.
You were not hungry.

You visited 1 branch of the dungeon, and saw 2 of its levels.

You collected 73 gold pieces.

Inventory:

Hand Weapons
 k - a +0 dagger (weapon)
Missiles
 j - 22 stones (quivered)
Armour
 a - a +0 robe (worn)
Scrolls
 b - a scroll of random uselessness {unknown}
 d - a scroll of fog {unknown}
 f - 2 scrolls of remove curse {unknown}
 h - a scroll of enchant weapon {unknown}
 m - a scroll of teleportation {unknown}
Potions
 e - a potion of mutation {unknown}
 g - a potion of lignification {unknown}
 i - a potion of flight {unknown}
 l - a potion of curing {unknown}
Comestibles
 c - 3 rations
 n - a chunk of flesh


   Skills:
 - Level 2.4 Dodging
 - Level 2.4 Stealth
 + Level 3.4 Spellcasting
 * Level 2.2 Conjurations
 + Level 3.5 Fire Magic


You had 6 spell levels left.
You knew the following spells:

 Your Spells              Type           Power        Failure   Level  Hunger
a - Foxfire               Conj/Fire      ##..         4%          1    None

Your spell library contained the following spells:

 Spells                   Type           Power        Failure   Level  Hunger
 Conjure Flame            Conj/Fire      ##......     14%         3    ###....
 Inner Flame              Hex/Fire       #.......     22%         3    ###....
 Sticky Flame             Conj/Fire      ##......     41%         4    ####...
 Fireball                 Conj/Fire      ##........   77%         5    ######.


Dungeon Overview and Level Annotations

Branches:
Dungeon (2/15)

Altars:

Annotations:
D:2 Sigmund


Message History

Nothing appears to happen.
Casting: Foxfire (safe; 4% risk of failure)
Confirm with . or Enter, or press ? or * to list all spells.
You conjure some foxfire!
The foxfire hits the worm.
The worm is heavily wounded.
The foxfire hits the worm but does no damage.
The worm is heavily wounded.
The worm misses you.
Casting: Foxfire (safe; 4% risk of failure)
Confirm with . or Enter, or press ? or * to list all spells.
You conjure some foxfire!
The foxfire hits the worm but does no damage.
The worm is moderately wounded.
The foxfire hits the worm but does no damage.
The worm is moderately wounded.
The worm closely misses you. The worm bites you!
Ouch! That really hurt!
You die...

....# #.# .#### #.#
#.. .# #.# #.#
.######.# #.# #
.รท......# #.#####.
######### #......
.## #.##.##
..#########.#...####
................@..+
..###########..w.###
.## ##.#.# ## ###.#
# #.# # #.# # ... #
### #


You could see a worm.

Vanquished Creatures
  A giant cockroach (D:2)
  A hobgoblin (D:1)
  8 bats
  4 goblins (D:1)
  2 kobolds (D:1)
  3 rats
19 creatures vanquished.

Vanquished Creatures (others)
  55 foxfires
55 creatures vanquished.

Grand Total: 74 creatures vanquished

Notes
Turn   | Place    | Note
-------+----------+-------------------------------------------
     0 | D:1      | DoubleLucky the Deep Elf Fire Elementalist began the quest
                  | for the Orb.
     0 | D:1      | Reached XP level 1. HP: 10/10 MP: 6/6
   404 | D:1      | Reached XP level 2. HP: 15/15 MP: 6/8
  1445 | D:2      | Noticed Sigmund
  1630 | D:2      | Slain by a worm

Illustrated notes

Levels and vault maps discovered:
D:1:      kennysheep_arrival_seaside, layout_loops_ring
D:2:      layout_loops_corners, uniq_sigmund

Skill      XL: |  1  2 |
---------------+-------+-----
Conjurations   | 2 |  2.2
Dodging        | |  2.4
Stealth        | |  2.4
Spellcasting   | |  3.4
Fire Magic     | |  3.5

Action                   || total
-------------------------++-------
Melee: Unarmed           ||     1
       Dagger            ||     2
 Cast: Foxfire           ||    37
  Eat: Chunk             ||     2
Armor: Robe              ||     5
Dodge: Dodged            ||    15
